 Dungeon Crawl Stone Soup version 0.28.0 (webtiles) character file.

Game seed: 9349179316017109132

594 oldriver the Skirmisher (level 7, -1/47 HPs)
             Began as a Gargoyle Fighter on Feb 5, 2022.
             Was an Initiate of Gozag.
             Slain by Prince Ribbit (15 damage)
             ... on level 4 of the Dungeon.
             The game lasted 00:05:02 (4648 turns).

oldriver the Skirmisher (Gargoyle Fighter)          Turns: 4648, Time: 00:05:03

Health: -1/47      AC: 12    Str: 22    XL:     7   Next: 39%
Magic:  7/7        EV:  9    Int:  8    God:    Gozag
Gold:   389        SH:  9    Dex:  9    Spells: 6/6 levels left

rFire   . . .      SeeInvis .   s - +1 flail (protect)
rCold   . . .      Faith    .   c - +0 buckler
rNeg    + . .      Spirit   .   b - +0 scale mail
rPois   ∞          Reflect  +   (no helmet)
rElec   +          Harm     .   (no cloak)
rCorr   .          Rampage  .   (no gloves)
Will    .....                   j - +0 pair of boots of the Equator {rPois Stlth+}
Stlth   +.........              h - amulet of reflection
HPRegen 0.15/turn               (no ring)
MPRegen 0.10/turn               (no ring)

@: mighty
A: sickness immunity, AC +4, negative energy resistance 1, electricity
resistance, torment resistance 1, petrification resistance
a: Renounce Religion, Potion Petition, Call Merchant, Bribe Branch


You were on level 4 of the Dungeon.
You worshipped Gozag.
Gozag was aware of your devotion.
You visited 1 branch of the dungeon, and saw 5 of its levels.

You collected 389 gold pieces.

Inventory:

Hand Weapons
 a - a +0 hunting sling
 s - a +1 flail of protection (weapon)
Missiles
 l - 2 throwing nets
 p - 89 stones (quivered)
Armour
 b - a +0 scale mail (worn)
 c - a +0 buckler (worn)
 j - the +0 pair of boots of the Equator (worn) {rPois Stlth+}
   (You acquired it on level 4 of the Dungeon)

   rPois:     It protects you from poison.
   Stlth:     It makes you more stealthy.
Jewellery
 h - an amulet of reflection (around neck)
Scrolls
 g - 3 scrolls of identify {unknown}
 n - a scroll of fog {unknown}
 o - a scroll of noise {unknown}
 q - a scroll of blinking {unknown}
 r - a scroll of teleportation {unknown}
Potions
 e - 2 potions of curing {unknown}
 f - a potion of heal wounds {unknown}
 i - a potion of brilliance {unknown}
 k - a potion of attraction {unknown}
 m - a potion of lignification {unknown}


   Skills:
 + Level 6.7 Fighting
 + Level 5.6 Maces & Flails
 + Level 0.8 Throwing
 - Level 3.2 Armour
 - Level 3.2 Shields


You had 6 spell levels left.
You didn't know any spells.
Your spell library was empty.

Dungeon Overview and Level Annotations

Branches:
Dungeon (5/15)
 Temple: D:4-7

Altars:
Gozag

Annotations:
D:4 2 runed translucent doors, AlmostDecent's ghost, novice GrBe; Prince Ribbit
D:5 Duvessa


Innate Abilities, Weirdness & Mutations

You are immune to sickness and miasma.
Your stone body is resilient. (AC +4)
You are immune to poison.
You resist negative energy. (rN+)
You are resistant to electric shocks. (rElec)
You are resistant to unholy torment.
You are immune to petrification.


Message History

Level annotation: Duvessa; Prince Ribbit Prince Ribbit hits you.
You block Duvessa's attack. Prince Ribbit barely misses you.
There is a stone staircase leading up here.
Duvessa hits you with a +0 rapier.
Prince Ribbit blinks!
You climb upwards.
Level annotation: 2 runed translucent doors, AlmostDecent's ghost, novice GrBe
There is a stone staircase leading down here.
You climb downwards.
Level annotation: Duvessa; Prince Ribbit You block Duvessa's attack.
Duvessa hits you with a +0 rapier!
There is a stone staircase leading up here.
You sock Prince Ribbit!
Your weapon exudes an aura of protection.
Prince Ribbit is lightly wounded.
You block Prince Ribbit's attack. Duvessa closely misses you.
Prince Ribbit hits you. You block Prince Ribbit's attack.
Duvessa hits you with a +0 rapier.
You climb upwards.
Level annotation: 2 runed translucent doors, AlmostDecent's ghost, novice GrBe
There is a stone staircase leading down here.
You barely miss Prince Ribbit.
Prince Ribbit is lightly wounded.
Prince Ribbit hits you! You block Prince Ribbit's attack.
You hit Prince Ribbit.
Your weapon exudes an aura of protection.
Prince Ribbit is moderately wounded.
Prince Ribbit barely misses you. You block Prince Ribbit's attack.
You barely miss Prince Ribbit.
Prince Ribbit is lightly wounded.
Prince Ribbit hits you but does no damage.
You feel very mighty all of a sudden. Prince Ribbit hits you.
* * * LOW HITPOINT WARNING * * *
Prince Ribbit closely misses you.
You miss Prince Ribbit.
Prince Ribbit is lightly wounded.
Prince Ribbit hits you!
You die...
Your body crumbles into a pile of gold.

.'......#.....#....#...#.........
.#......#.....#....#...#.........
#####'###.....#...##...#.........
##......#.....#...##...#.........
........'.....#....#...#.......##
....[...#.....#....#...#.......#
........#.....#....#...#.......#
##......#.....######...#.......#
##......#.[...#.@F##...#.......#
##......#.....#........#.......#
##......#.....'........#.......#
........#.....#........#.......#
##......#.....#...##...#...>...#
##......#.....#...##...#.).....#
##......#.....#........#......)#
##......#.....#........#.......#
.'......#.....#........#.......#


You could see Prince Ribbit.

Vanquished Creatures
  A sky beast (D:4)
  2 necrophages (D:4)
  A phantom (D:4)
  A scorpion (D:4)
  Jessica (D:3)
  An iguana (D:2)
  2 hound skeletons (D:4)
  4 gnolls
  2 adders
  A dart slug (D:2)
  A worm (D:3)
  3 orcs
  4 endoplasms
  3 giant cockroaches
  7 goblins
  8 hobgoblins
  3 jackals (D:1)
  4 kobolds
  5 quokkas
  4 ball pythons
  4 bats
  4 frilled lizards
  3 rats
69 creatures vanquished.

Notes
Turn   | Place    | Note
-------+----------+-------------------------------------------
     0 | D:1      | oldriver the Gargoyle Fighter began the quest for the Orb.
     0 | D:1      | Reached XP level 1. HP: 14/14 MP: 1/1
   200 | D:1      | Reached XP level 2. HP: 11/19 MP: 2/2
  1145 | D:2      | Found a faded altar of an unknown god.
  1227 | D:2      | Reached XP level 3. HP: 24/24 MP: 3/3
  1240 | D:2      | Reached skill level 4 in Fighting
  1584 | D:2      | Prayed at the altar of an unknown god.
  1584 | D:2      | Became a worshipper of Gozag Ym Sagoz the Greedy
  1989 | D:2      | Reached XP level 4. HP: 5/30 MP: 4/4
  2870 | D:3      | Noticed Jessica
  3223 | D:3      | Reached XP level 5. HP: 34/34 MP: 5/5
  3287 | D:3      | Killed Jessica
  3288 | D:3      | Reached skill level 5 in Fighting
  3658 | D:4      | Reached XP level 6. HP: 40/40 MP: 6/6
  3688 | D:4      | Noticed a sky beast
  3704 | D:4      | Killed a sky beast
  3756 | D:4      | Reached skill level 6 in Fighting
  3851 | D:4      | Found a runed translucent door.
  3857 | D:4      | Noticed AlmostDecent's ghost (novice GrBe)
  3906 | D:4      | Found a runed translucent door.
  4117 | D:4      | Noticed a necrophage
  4130 | D:4      | Killed a necrophage
  4131 | D:4      | Reached skill level 5 in Maces & Flails
  4231 | D:4      | Reached XP level 7. HP: 36/47 MP: 7/7
  4449 | D:5      | Entered Level 5 of the Dungeon
  4469 | D:5      | Noticed Prince Ribbit
  4482 | D:5      | Noticed Duvessa
  4535 | D:4      | Identified a scroll of acquirement
  4535 | D:4      | Acquired the +0 pair of boots of the Equator {rPois Stlth+}
  4648 | D:4      | Slain by Prince Ribbit

Illustrated notes

Levels and vault maps discovered:
D:1:      scummos_arrival_simple_crosswalls, layout_rooms, serial_corexii_hall,
          chequers_hall_statues_corner_a, corexii_hall_statues_u,
          corexii_hall_statues_i, chequers_hall_statues_y,
          chequers_hall_statues_y, corexii_hall_statues_i, minmay_hedge_maze,
          minmay_misc_feat_more_columns
D:2:      layout_loops_ring, hellmonk_ecumenical_altar_blasted
D:3:      layout_rooms, minmay_misc_feat_nine_boxes, small_statue_intersection,
          uniq_jessica
D:4:      layout_gridville, ebering_ghost_sewer_f, kennysheep_generic_room_12
D:5:      layout_cave_pools, slow_altar_1, kennysheep_little_box,
          minmay_temple_entry_offerings, gammafunk_ghost_hive,
          minmay_diced_spiral, uniq_prince_ribbit1, uniq_duvessa

Skill      XL: |  1  2  3  4  5  6 |
---------------+-------------------+-----
Fighting       | 4 5 6 |  6.7
Maces & Flails | 3 4 5 |  5.6
Throwing       | |  0.8
Armour         | |  3.2
Shields        | |  3.2

Action                   |  1- 3 |  4- 6 |  7- 9 || total
-------------------------+-------+-------+-------++-------
Melee: Flail             |    99 |   156 |    27 ||   282
Throw: Stone             |       |    43 |     6 ||    49
  Use: Potion            |     1 |       |     1 ||     2
       Scroll            |       |       |     1 ||     1
 Stab: Distracted        |       |     1 |       ||     1
Armor: Scale mail        |    50 |    95 |     6 ||   151
Dodge: Dodged            |    66 |    64 |    14 ||   144
Block: Buckler           |    21 |    61 |    18 ||   100
       Reflection        |       |     1 |       ||     1
